 Dungeon Crawl Stone Soup version 0.20.1-1-g8b1a95d (webtiles) character file.

57 letownia2 the Grave Robber (level 3, -4/28 HPs)
             Began as a Deep Dwarf Necromancer on Nov 29, 2017.
             Slain by a worker ant (5 damage)
             ... on level 4 of the Dungeon.
             The game lasted 00:02:03 (542 turns).

letownia2 the Grave Robber (Deep Dwarf Necromancer)  Turns: 542, Time: 00:02:03

Health: -4/28      AC:  3    Str: 11    XL:     3   Next: 73%
Magic:  0/6        EV: 12    Int: 16    God:
Gold:   16         SH:  0    Dex: 13    Spells: 5/6 levels left

rFire    . . .     SeeInvis .   j - +5 spear of Doom {holy, MR+}
rCold    . . .     Gourm    .   (no shield)
rNeg     . . .     Faith    .   d - +0 leather armour
rPois    .         Spirit   .   (no helmet)
rElec    .         Reflect  .   (no cloak)
rCorr    .         Harm     .   (no gloves)
MR       +....                  (no boots)
Stlth    ++........             (no amulet)
Regen    0.0/turn               (no ring)
MPRegen  0.1/turn               (no ring)

@: lethally poisoned (-4 -> -4), non-regenerating
A: damage resistance, heal wounds, sense surroundings 1, no regeneration
a: Heal Wounds


You were on level 4 of the Dungeon.
You were not hungry.

You visited 1 branch of the dungeon, and saw 4 of its levels.

You collected 16 gold pieces.

Inventory:

Hand Weapons
 i - a +0 whip
 j - the +5 spear of Doom (weapon) {holy, MR+}
   (You found it on level 4 of the Dungeon)

   It has been blessed by the Shining One to cause great damage to the undead
   and demons.
   It affects your resistance to hostile enchantments.
Armour
 a - a +0 robe
 d - a +0 leather armour (worn)
Scrolls
 e - 2 scrolls of identify {unknown}
 f - a scroll of teleportation {unknown}
Potions
 g - a potion of mutation {unknown}
Books
 b - a book of Necromancy

   Spells                             Type                      Level
   a - Pain                           Necromancy                   1
   b - Animate Skeleton               Necromancy                   1
   c - Vampiric Draining              Necromancy                   3
   d - Regeneration                   Charms/Necromancy            3
   e - Animate Dead                   Necromancy                   4
   f - Control Undead                 Necromancy                   4
Comestibles
 c - a bread ration
 h - 4 fruits


   Skills:
 - Level 2.1 Dodging
 - Level 2.4 Stealth
 - Level 2.0 Spellcasting
 + Level 5.8 Necromancy


You had 5 spell levels left.
You knew the following spells:

 Your Spells              Type           Power        Failure   Level  Hunger
a - Pain                  Necr           ###.         2%          1    #......


Dungeon Overview and Level Annotations

Branches:
Dungeon (4/15)
 Temple: D:4-7

Altars:
Ru


Innate Abilities, Weirdness & Mutations

You are resistant to damage.
You can heal yourself by infusing magical energy.
You passively map a small area around you.
You do not regenerate.


Message History

The worker ant is almost dead.
The worker ant bites you but does no damage.
The worker ant barely misses you.
Unknown command.
Unknown command.
Attack whom?
Press: ? - help, Dir - move target cursor, f/p - worker ant
Aim: a worker ant (almost dead)
You closely miss the worker ant.
The worker ant is almost dead.
The worker ant barely misses you.
Unknown command.
Unknown command.
Attack whom?
Press: ? - help, Dir - move target cursor, f/p - worker ant
Aim: a worker ant (almost dead)
You closely miss the worker ant.
The worker ant is almost dead.
The worker ant bites you!
You die...

, ,
#....###.
, ,* *
#....##..,
,
#.......#,
* ,
#...##...
, * #...+
l.. *
##$..##.##
, *
#Zs.......
, *
#a####.###
,* , #@#
**.# *,*
#......#
#..##### ,
#..# #..#
...# * *
#.## #.# *
* ,


You could see a worker ant, a giant cockroach and a leopard gecko skeleton.

Vanquished Creatures
  2 worker ants (D:4)
  A leopard gecko (D:1)
  An orc (D:3)
  A hobgoblin (D:2)
  A bat (D:1)
  A frilled lizard (D:1)
  A kobold (D:3)
  2 rats
10 creatures vanquished.

Notes
Turn   | Place    | Note
-------+----------+-------------------------------------------
     0 | D:1      | letownia2 the Deep Dwarf Necromancer began the quest for the Orb.
     0 | D:1      | Reached XP level 1. HP: 15/15 MP: 3/3
   419 | D:3      | Reached XP level 2. HP: 22/22 MP: 0/5
   505 | D:4      | Found a sacrificial altar of Ru.
   514 | D:4      | Reached skill level 5 in Necromancy
   514 | D:4      | Reached XP level 3. HP: 20/28 MP: 1/6
   520 | D:4      | Got a twisted spear
   521 | D:4      | Identified the +5 spear of Doom {holy, MR+} (You found it on level 4 of the Dungeon)
   539 | D:4      | HP: 1/28 [worker ant (1)]
   542 | D:4      | Slain by a worker ant

Skill      XL: |  1  2 |
---------------+-------+-----
Spellcasting   | 2 |  2.0
Necromancy     | 5 |  5.8
Dodging        | |  2.1
Stealth        | |  2.4

Action                   || total
-------------------------++-------
Melee: Unarmed           ||     4
       Whip              ||     2
       Spear             ||     8
 Cast: Pain              ||    27
Armor: Leather armour    ||    10
Dodge: Dodged            ||    35
